[Event "43rd Blackpool Chess Conference 2019"]
[Site "Blackpool"]
[Date "2019.03.08"]
[Round "1.1"]
[White "Hebden, Mark L"]
[Black "Walker, Nicholas A"]
[Result "1-0"]
[ECO "D06"]
[WhiteElo "2417"]
[BlackElo "1976"]
[Annotator "RC"]
[PlyCount "59"]
[EventDate "2019.03.08"]
[EventType "swiss"]
[EventCountry "ENG"]
[SourceTitle "playchess.com"]
[Source "ChessBase"]
[SourceQuality "1"]
[TimeControl "6600+10"]

1. d4 d5 2. c4 Bf5 3. cxd5 Bxb1 4. Qa4+ Qd7 5. Qxd7+ Nxd7 6. Rxb1 Ngf6 7. a3 Nxd5 8. e4 N5f6 9. f3 e5 10. d5 Bc5 11. Bc4 O-O 12. Ne2 Rfd8 13. Nc3 Rac8 14. Ke2 Nb6 15. Bb3 c6 16. Bg5 Rd6 17. Rhd1 h6 18. Bh4 Bd4 19. dxc6 bxc6 20. Ba2 Nh5 21. Kf1 Nf4 22. Be1 Rcd8 23. g3 Ne6 24. Ne2 g5 25. Bb4 c5 26. Ba5 Rb8 27. b4 Nd7 28. Nc3 Nf6 29. Nd5 Nxd5 30. exd5 1-0

[Event "43rd Blackpool Chess Conference 2019"]
[Site "Blackpool"]
[Date "2019.03.08"]
[Round "1.2"]
[White "Frew, Elliot"]
[Black "Quillan, Gary"]
[Result "0-1"]
[ECO "C05"]
[WhiteElo "2080"]
[BlackElo "2353"]
[Annotator "NA RC"]
[PlyCount "100"]
[EventDate "2019.03.08"]
[EventType "swiss"]
[EventCountry "ENG"]
[SourceTitle "playchess.com"]
[Source "ChessBase"]
[SourceQuality "1"]
[TimeControl "6600+10"]

1. e4 e6 2. d4 d5 3. Nd2 Nf6 4. e5 Nfd7 5. f4 c5 6. c3 Nc6 7. Ndf3 Qb6 8. a3 a5 9. b3 {[%emt 0:00:10] C05: French Tarrasch: 3...Nf6 4 e5 Nfd7, 5 f4 and 5 Bd3 sidelines} Be7 10. h4 Qc7 11. Be3 cxd4 $146 ({Predecessor:} 11... b6 12. Nh3 cxd4 13. cxd4 Ndb8 14. Bd3 h5 15. Qc2 Qd7 16. f5 exf5 {½-½ (46) Motwani,P (2505)-Dgebuadze,A (2550) Belgium 2001}) 12. cxd4 Nb6 13. Bd3 Bd7 14. Ne2 f5 15. O-O h6 16. Qe1 O-O 17. Nc3 Be8 18. Nb5 Qd7 19. Rc1 Bh5 20. a4 Rac8 21. Bd2 Nb4 22. Bxb4 Bxb4 23. Qe3 $11 Na8 24. g3 Nc7 25. Ne1 Nxb5 26. Bxb5 Qe7 27. Nd3 Ba3 28. Rxc8 Rxc8 29. Qd2 b6 30. Kf2 Bb4 31. Nxb4 Qxb4 32. Qxb4 Rc2+ 33. Ke3 axb4 34. Rg1 Rc3+ 35. Bd3 Rxb3 36. Rb1 Rxb1 37. Bxb1 Bd1 38. Kd2 Bxa4 39. Bd3 Kf7 40. Be2 Bb3 41. h5 Bc4 42. Bd1 Bf1 43. Kc2 Bh3 44. Kb3 Bg4 45. Bc2 Bxh5 46. Kxb4 Be2 47. Kc3 g5 48. fxg5 hxg5 49. Kd2 Bc4 50. Ke3 b5 0-1

[Event "43rd Blackpool Chess Conference 2019"]
[Site "Blackpool"]
[Date "2019.03.08"]
[Round "1.3"]
[White "McPhillips, Joseph"]
[Black "Wolstencroft, Darryl"]
[Result "1-0"]
[ECO "C00"]
[WhiteElo "2407"]
[BlackElo "2196"]
[Annotator "RC"]
[PlyCount "91"]
[EventDate "2019.03.08"]
[EventType "swiss"]
[EventCountry "ENG"]
[SourceTitle "playchess.com"]
[Source "ChessBase"]
[SourceQuality "1"]
[TimeControl "6600+10"]

1. e4 e6 2. c3 d5 3. Bd3 dxe4 4. Bxe4 Nf6 5. Bc2 Be7 6. d4 Nbd7 7. Nf3 b6 8. Ba4 O-O 9. Bc6 Rb8 10. b4 b5 11. a4 bxa4 12. Bxa4 a6 13. O-O Bb7 14. Re1 Nb6 15. Bc2 Nbd5 16. Ne5 Nxb4 17. cxb4 Bxb4 18. Re2 Qd5 19. Nf3 Qh5 20. Re5 Qg4 21. Be3 h6 22. Nbd2 Bxd2 23. Bxd2 Rfd8 24. Be3 Bxf3 25. Qxf3 Qxf3 26. gxf3 Nd5 27. Be4 Nb4 28. f4 f5 29. Bf3 Kf7 30. Rc5 Rd7 31. h4 Rb5 32. Rxb5 axb5 33. Rc1 Nd5 34. Rc5 b4 35. Bxd5 exd5 36. Rb5 Kg6 37. Kg2 Kh5 38. Kg3 Rd6 39. Rxb4 Rg6+ 40. Kf3 Rg1 41. Rb5 c6 42. Rc5 Rg6 43. Rc1 Re6 44. Rg1 Re7 45. Bd2 Rb7 46. Rc1 1-0

[Event "43rd Blackpool Chess Conference 2019"]
[Site "Blackpool"]
[Date "2019.03.08"]
[Round "1.4"]
[White "Paul, Nathanael"]
[Black "Merriman, John"]
[Result "0-1"]
[ECO "D00"]
[WhiteElo "1924"]
[BlackElo "2238"]
[Annotator "NA RC"]
[PlyCount "92"]
[EventDate "2019.03.08"]
[EventType "swiss"]
[EventCountry "ENG"]
[SourceTitle "playchess.com"]
[Source "ChessBase"]
[SourceQuality "1"]
[TimeControl "6600+10"]

1. d4 e6 2. Nc3 d5 3. Bf4 Nf6 4. Nb5 Na6 5. a3 {[%emt 0:00:04] LiveBook: 24 Games} (5. e3 Be7 6. Nf3 O-O 7. Bd3 c6 8. Nc3 Nb4 9. h3 Nxd3+ 10. cxd3 b6 11. O-O Bb7 {0-1 (40) Rapport,R (2731)-Giri,A (2783) Wijk aan Zee 2019}) 5... Nh5 6. Be5 {[%emt 0:00:48] D00: 1 d4 d5: Unusual lines} f6 7. e3 g6 8. g4 $146 ({Predecessor:} 8. Bg3 Nxg3 9. hxg3 c6 10. Nc3 e5 11. Bxa6 bxa6 {1-0 (22) Marczuk,D (2274)-Skawinski,A (2419) Krakow 2018}) 8... Ng7 ({Black should play} 8... fxe5 $15 9. gxh5 c6) 9. Bg3 c6 10. Nc3 Bd6 11. Bxd6 Qxd6 12. Bxa6 bxa6 13. Na4 (13. Qf3 $14) 13... e5 14. c3 a5 15. h3 h5 16. g5 fxg5 17. dxe5 (17. Nf3 $17) 17... Qxe5 18. Qd4 {[%emt 0:00:36] [#]} Qe7 $1 19. Nf3 (19. Qc5 $142 Qc7 20. b4) 19... O-O 20. Ne5 Qd6 21. Nd3 Bf5 22. Nac5 Rab8 23. O-O-O Bxd3 24. Nxd3 Ne6 25. Qa4 Nc5 26. Nxc5 Qxc5 27. Qc2 Kh7 28. Rhg1 Rf5 29. Rd4 Rbf8 30. Rg2 Qe7 31. Kb1 Rf3 32. c4 R8f5 33. cxd5 cxd5 34. e4 dxe4 35. Rc4 Rf7 36. Rxe4 Qf6 37. Ka2 Rxh3 38. f4 $19 gxf4 39. Re8 Rg3 40. Rh2 Qf5 41. Qc4 Re3 42. Re2 Rxe2 43. Rxe2 f3 44. Re5 Qf4 45. Qc3 f2 46. Re8 Qf6 0-1

[Event "43rd Blackpool Chess Conference 2019"]
[Site "Blackpool"]
[Date "2019.03.08"]
[Round "1.5"]
[White "Han, Yichen"]
[Black "Hymer, Barry"]
[Result "1-0"]
[ECO "B06"]
[WhiteElo "2190"]
[BlackElo "1893"]
[Annotator "NA RC"]
[PlyCount "68"]
[EventDate "2019.03.08"]
[EventType "swiss"]
[EventCountry "ENG"]
[SourceTitle "playchess.com"]
[Source "ChessBase"]
[SourceQuality "1"]
[TimeControl "6600+10"]

1. e4 d6 2. d4 g6 3. Nc3 Bg7 4. Be3 a6 5. Qd2 b5 6. O-O-O Bb7 {[%emt 0:00:39] B06: Modern Defence} (6... Nd7 7. h4 h6 8. f4 h5 9. Nf3 Nb6 10. Bd3 Nh6 11. Rhf1 Ng4 12. Bg1 b4 13. Ne2 a5 14. Kb1 Ba6 15. Bxa6 Rxa6 {1-0 (34) Morozevich,A (2676)-Vavulin,M (2575) Moscow 2017}) 7. f3 e6 8. h4 h6 9. g4 Nd7 10. Nce2 $146 ({Predecessor:} 10. Kb1 Ne7 11. Qf2 d5 12. exd5 Nxd5 13. Nxd5 Bxd5 {1-0 (54) Nikologorskiy,K (2410)-Kravchenko,V (2377) Suzdal 2016}) 10... Ne7 11. Ng3 Rc8 12. Bg2 c5 13. dxc5 dxc5 14. f4 c4 15. Bd4 ({White should try} 15. N1e2 $16) 15... c3 {[%emt 0:04:01] X-Ray Attack} 16. bxc3 (16. Bxc3 $11 Bxc3 17. bxc3) 16... e5 17. fxe5 Nxe5 18. Nf3 N7c6 19. Nxe5 Nxe5 20. Bxe5 Bxe5 21. Qxd8+ Rxd8 22. Rxd8+ Kxd8 23. Ne2 f5 24. h5 fxg4 25. hxg6 h5 26. Nd4 Ke7 27. Nf5+ Kf8 28. Rf1 {[%emt 0:02:49] [#]} (28. Rd1 $11 {remains equal.} Ke8 29. g7) 28... h4 $2 {[%emt 0:03:45] [#]} (28... Bc8 $1 $17 {stays on course.} 29. c4 bxc4) 29. Nxh4+ ({White should play} 29. Nh6+ $1 $16 Ke8 30. Nxg4 Bxc3 31. Rf7) 29... Kg7 $2 (29... Ke8 $11 30. Nf5 Bc8) 30. Rf7+ Kg8 31. Nf5 Rh2 32. Rxb7 Rxg2 33. Re7 Bf4+ 34. Kb2 Rg3 1-0

[Event "43rd Blackpool Chess Conference 2019"]
[Site "Blackpool"]
[Date "2019.03.08"]
[Round "1.7"]
[White "Allis, Richard"]
[Black "Okhai, Shabir"]
[Result "*"]
[ECO "A46"]
[WhiteElo "2052"]
[BlackElo "2073"]
[Annotator "NA RC"]
[PlyCount "28"]
[EventDate "2019.03.08"]
[EventType "swiss"]
[EventCountry "ENG"]
[SourceTitle "playchess.com"]
[Source "ChessBase"]
[SourceQuality "1"]
[TimeControl "6600+10"]

1. d4 Nf6 2. Nf3 e6 3. Bg5 c5 4. c3 d5 5. Nbd2 cxd4 6. Nxd4 Be7 7. e3 O-O 8. f4 Nc6 9. Bd3 e5 10. Nxc6 bxc6 11. fxe5 Ng4 12. Bf4 Bc5 13. Nb3 Bxe3 14. Bxh7+ (14. Qf3 $17 Bxf4 15. Qxf4) 14... Kh8 $19 *

[Event "43rd Blackpool Chess Conference 2019"]
[Site "Blackpool"]
[Date "2019.03.08"]
[Round "1.9"]
[White "Ther, Mate"]
[Black "White, Stuart A"]
[Result "*"]
[ECO "D10"]
[WhiteElo "1895"]
[BlackElo "2108"]
[Annotator "RC"]
[PlyCount "33"]
[EventDate "2019.03.08"]
[EventType "swiss"]
[EventCountry "ENG"]
[SourceTitle "playchess.com"]
[Source "ChessBase"]
[SourceQuality "1"]
[TimeControl "6600+10"]

1. d4 Nf6 2. Bf4 d5 3. e3 Bf5 4. c4 c6 5. Nc3 e6 6. Qb3 dxc4 7. Qxb7 Nbd7 8. Bxc4 Nd5 9. Bxd5 cxd5 10. Nf3 Be7 11. O-O O-O 12. Rfc1 Nb6 13. Nb5 Nc4 14. b3 Nd6 15. Bxd6 Bxd6 16. Nxd6 Qxd6 17. Qc6 *

[Event "43rd Blackpool Chess Conference 2019"]
[Site "Blackpool"]
[Date "2019.03.08"]
[Round "1.10"]
[White "Watson, Phil R"]
[Black "Camp, Imogen A L"]
[Result "*"]
[ECO "D00"]
[WhiteElo "2132"]
[BlackElo "1827"]
[Annotator "NA RC"]
[PlyCount "27"]
[EventDate "2019.03.08"]
[EventType "swiss"]
[EventCountry "ENG"]
[SourceTitle "playchess.com"]
[Source "ChessBase"]
[SourceQuality "1"]
[TimeControl "6600+10"]

1. d4 d5 2. Bf4 Nf6 3. Nc3 Bf5 4. f3 e6 5. g4 Bg6 6. h4 h6 7. e3 Bd6 8. Nh3 c6 9. Bd3 Bxd3 10. Qxd3 Bxf4 11. Nxf4 Nbd7 12. O-O-O Nb6 13. g5 Nfd7 14. g6 *

[Event "43rd Blackpool Chess Conference 2019"]
[Site "Blackpool"]
[Date "2019.03.08"]
[Round "1.11"]
[White "Harkness, Bryan"]
[Black "Fallowfield, Jeremy R"]
[Result "*"]
[ECO "D00"]
[WhiteElo "1935"]
[BlackElo "2134"]
[Annotator "NA RC"]
[PlyCount "26"]
[EventDate "2019.03.08"]
[EventType "swiss"]
[EventCountry "ENG"]
[SourceTitle "playchess.com"]
[Source "ChessBase"]
[SourceQuality "1"]
[TimeControl "6600+10"]

1. d4 d5 2. Bf4 Nf6 3. Nc3 Bf5 4. f3 e6 5. g4 Bg6 6. h4 h6 7. e3 Bd6 8. Nh3 c6 9. Bd3 Bxd3 10. Qxd3 Bxf4 11. Nxf4 Nbd7 12. O-O-O Nb6 13. g5 $11 Nfd7 *

[Event "43rd Blackpool Chess Conference 2019"]
[Site "Blackpool"]
[Date "2019.03.09"]
[Round "2.3"]
[White "Okhai, Shabir"]
[Black "McPhillips, Joseph"]
[Result "0-1"]
[ECO "C11"]
[WhiteElo "2073"]
[BlackElo "2407"]
[Annotator "NA"]
[PlyCount "76"]
[EventDate "2019.03.08"]
[EventType "swiss"]
[EventCountry "ENG"]
[SourceTitle "playchess.com"]
[Source "ChessBase"]
[SourceQuality "1"]
[TimeControl "6600+10"]

1. e4 e6 2. d4 d5 3. Nc3 Nf6 4. e5 Nfd7 5. f4 c5 6. Nf3 Nc6 7. Be3 Be7 8. Qd2 O-O 9. dxc5 Qa5 {[%emt 0:03:45] C11: French: Classical System: 4 e5 and 4 Bg5 dxe4} 10. a3 Nxc5 $146 ({Predecessor:} 10... Bxc5 11. Bxc5 Nxc5 12. Bd3 Bd7 13. O-O Nxd3 14. cxd3 Rac8 15. Qf2 Qa6 16. Rad1 b5 17. f5 exf5 18. Nxd5 {1-0 (37) Anand,V (2773)-Christiansen,J (2555) St Petersburg 2018}) 11. Nd4 Qc7 12. Ndb5 Qb8 13. Qf2 b6 14. Be2 f6 15. Nd4 Nxe5 16. fxe5 (16. b4 $11 Nb7 17. f5 (17. fxe5 fxe5 {[%mdl 64] Discovered Attack} 18. Nf3 e4 $17)) 16... fxe5 17. Nc6 (17. Nf3 $17 e4 18. O-O-O) 17... Rxf2 18. Nxb8 {[%emt 0:01:26] [#]} Rxe2+ $1 19. Nxe2 Rxb8 20. Ng3 Ba6 21. O-O-O Rc8 22. Kb1 Bh4 $17 23. Bf2 Rf8 24. Be1 g6 25. Ne4 Nxe4 26. Bxh4 Nf2 27. Bxf2 Rxf2 28. Rde1 e4 29. Rhg1 Kg7 30. b3 Be2 31. Kc1 d4 32. g4 Kf6 33. Rg3 Rxh2 34. Rgg1 Bf3 35. Rgf1 Kg5 36. Rg1 e5 37. b4 e3 38. Rg3 Be4 0-1

[Event "43rd Blackpool Chess Conference 2019"]
[Site "Blackpool"]
[Date "2019.03.09"]
[Round "2.4"]
[White "Merriman, John"]
[Black "White, Stuart A"]
[Result "0-1"]
[ECO "D10"]
[WhiteElo "2238"]
[BlackElo "2108"]
[Annotator "NA"]
[PlyCount "158"]
[EventDate "2019.03.08"]
[EventType "swiss"]
[EventCountry "ENG"]
[SourceTitle "playchess.com"]
[Source "ChessBase"]
[SourceQuality "1"]
[TimeControl "6600+10"]

1. d4 d5 2. c4 c6 3. Nc3 Nf6 4. e3 Bf5 5. Qb3 Qb6 6. c5 Qc7 7. Na4 Nbd7 8. Bd2 e5 $15 9. Nf3 e4 10. Ng1 Be7 11. Ne2 Bg4 12. Qc2 O-O 13. Nf4 g5 14. Ne2 Ne8 15. Nac3 Bh5 16. h4 Ng7 17. hxg5 Bxg5 18. f4 Bd8 19. Ng3 Bg4 20. Be2 Bxe2 21. Ncxe2 f5 22. Nh5 Nf6 23. Neg3 Ng4 24. Qd1 Qf7 25. Qe2 Qg6 26. Rh3 Ne6 27. Bc3 Kf7 28. O-O-O Be7 29. Bd2 Ke8 30. Nh1 Rg8 31. Rg1 Kd7 32. Nf2 Ng7 33. Ng3 h5 34. Nxg4 fxg4 35. Rhh1 h4 36. Nf1 Nf5 37. g3 h3 38. Rh2 Rab8 39. Bc3 Qe8 40. Qc2 b6 41. b4 Qc8 42. Qa4 Qb7 43. Rc2 Bf6 44. Bb2 Ra8 45. b5 Rgc8 46. Rh1 bxc5 47. bxc6+ Qxc6 48. Qxc6+ Rxc6 49. dxc5 Bxb2+ 50. Kxb2 Rb8+ 51. Kc1 Rb5 52. Kd2 Rbxc5 53. Rb2 Rb6 54. Rxb6 axb6 55. Nh2 Nh6 56. Rb1 Kc6 57. Rb2 Ra5 58. Rc2+ Kd7 59. Rb2 b5 60. Kc3 Kc6 61. Kd4 Nf5+ 62. Ke5 Nxe3 63. Re2 Nc4+ 64. Ke6 Ra3 65. Nxg4 Rxg3 66. Ne5+ Nxe5 67. fxe5 Rg2 68. Re1 h2 69. Rc1+ Kb6 70. Rh1 d4 71. Kd5 d3 72. e6 d2 73. e7 Rg1 74. e8=Q d1=Q+ 75. Ke5 Qa1+ 76. Kf5 Qf1+ 77. Ke5 Rg5+ 78. Ke6 Qf5+ 79. Kd6 Rg6+ 0-1

[Event "43rd Blackpool Chess Conference 2019"]
[Site "Blackpool"]
[Date "2019.03.09"]
[Round "2.6"]
[White "Ellames, Roy"]
[Black "Gayson, Peter M"]
[Result "1/2-1/2"]
[ECO "A21"]
[WhiteElo "2035"]
[BlackElo "2121"]
[Annotator "NA"]
[PlyCount "35"]
[EventDate "2019.03.08"]
[EventType "swiss"]
[EventCountry "ENG"]
[SourceTitle "playchess.com"]
[Source "ChessBase"]
[SourceQuality "1"]
[TimeControl "6600+10"]

1. c4 e5 2. Nc3 d6 3. g3 f5 4. d4 Be7 5. dxe5 dxe5 6. Qxd8+ Bxd8 7. Bg2 c6 8. b3 Nf6 9. Ba3 Be7 10. Bxe7 Kxe7 11. e3 Be6 12. Nge2 Na6 13. O-O Rad8 14. Rad1 Nc5 15. Rxd8 Rxd8 16. Rd1 Rxd1+ 17. Nxd1 a5 18. Nec3 1/2-1/2

[Event "43rd Blackpool Chess Conference 2019"]
[Site "Blackpool"]
[Date "2019.03.09"]
[Round "2.7"]
[White "Milson, Samuel A"]
[Black "Sucikova, Svetlana"]
[Result "1-0"]
[ECO "B12"]
[WhiteElo "2096"]
[BlackElo "2110"]
[Annotator "NA"]
[PlyCount "43"]
[EventDate "2019.03.08"]
[EventType "swiss"]
[EventCountry "ENG"]
[SourceTitle "playchess.com"]
[Source "ChessBase"]
[SourceQuality "1"]
[TimeControl "6600+10"]

1. e4 c6 2. d4 d5 3. e5 Bf5 4. h4 h5 5. Bd3 Bxd3 6. Qxd3 e6 7. Bg5 Qb6 8. Nd2 c5 9. c4 Nc6 10. Ngf3 Qxb2 $16 (10... cxd4 $14 11. cxd5 Nb4) 11. O-O Nb4 12. Qe2 cxd4 13. cxd5 d3 14. Qe4 exd5 15. Qf4 Qc3 16. Rab1 Rc8 17. Rb3 Qc5 18. a3 Nc2 19. Rxb7 Be7 20. e6 fxe6 21. Ne5 Nf6 22. Qa4+ 1-0

[Event "43rd Blackpool Chess Conference 2019"]
[Site "Blackpool"]
[Date "2019.03.09"]
[Round "2.8"]
[White "Camp, Imogen A L"]
[Black "Fallowfield, Jeremy R"]
[Result "0-1"]
[ECO "E94"]
[WhiteElo "1827"]
[BlackElo "2134"]
[Annotator "NA"]
[PlyCount "108"]
[EventDate "2019.03.08"]
[EventType "swiss"]
[EventCountry "ENG"]
[SourceTitle "playchess.com"]
[Source "ChessBase"]
[SourceQuality "1"]
[TimeControl "6600+10"]

1. d4 Nf6 2. c4 g6 3. Nc3 Bg7 4. e4 O-O 5. Nf3 d6 6. Be2 Nbd7 7. O-O e5 8. d5 Nc5 9. Qc2 a5 10. Be3 {[%emt 0:01:58] LiveBook: 46 Games} Ng4 11. Ne1 $17 (11. Bxc5 $1 $14 dxc5 12. Rad1 (12. h3 Nf6 $11)) 11... Nxe3 12. fxe3 f5 13. exf5 gxf5 14. e4 fxe4 15. Rxf8+ Bxf8 16. Nxe4 Bf5 17. Bf3 Bxe4 18. Bxe4 Qh4 19. Bf3 e4 20. Be2 Bg7 21. g3 Bd4+ 22. Kh1 Qf6 23. Ng2 Rf8 24. Rb1 Qf2 25. Nf4 Be5 26. Rf1 Qe3 27. Ne6 Rxf1+ 28. Bxf1 Bd4 29. Nxd4 Qxd4 30. Qe2 e3 31. b3 Nd7 32. Qd3 Qf6 33. Qe2 Ne5 34. Bg2 Qg5 35. Bh3 h5 36. Be6+ Kg7 37. Bh3 c6 38. dxc6 bxc6 39. Bg2 c5 40. Bf3 Kg6 41. Qd1 Nxf3 42. Qxf3 Qe5 43. Qe2 d5 44. Qd3+ Kf6 45. Qe2 d4 46. Kg1 Kg5 47. h4+ Kg6 48. Kg2 Qe4+ 49. Qf3 Qe6 50. Qe2 Qf5 51. Kg1 Qe4 52. Kh2 d3 53. Qf1 Qf5 54. Qg2 Qf2 0-1

[Event "43rd Blackpool Chess Conference 2019"]
[Site "Blackpool"]
[Date "2019.03.09"]
[Round "2.9"]
[White "Harkness, Bryan"]
[Black "Hamer, Martyn"]
[Result "1/2-1/2"]
[ECO "C69"]
[WhiteElo "1935"]
[BlackElo "2064"]
[Annotator "NA"]
[PlyCount "40"]
[EventDate "2019.03.08"]
[EventType "swiss"]
[EventCountry "ENG"]
[SourceTitle "playchess.com"]
[Source "ChessBase"]
[SourceQuality "1"]
[TimeControl "6600+10"]

1. e4 e5 2. Nf3 Nc6 3. Bb5 a6 4. Bxc6 dxc6 5. O-O f6 6. d4 exd4 7. Nxd4 Bd6 8. Nc3 Ne7 9. Be3 c5 10. Nde2 O-O 11. Bf4 Be5 12. Bxe5 fxe5 13. Qxd8 Rxd8 14. Rfd1 Be6 $11 15. f3 b6 16. Kf2 Rd6 17. Rxd6 cxd6 18. Rd1 Rd8 19. a3 b5 20. Nd5 Nxd5 1/2-1/2

[Event "43rd Blackpool Chess Conference 2019"]
[Site "Blackpool"]
[Date "2019.03.09"]
[Round "2.10"]
[White "Phillips, David A"]
[Black "Moyse, Nigel John"]
[Result "1-0"]
[ECO "A05"]
[WhiteElo "2040"]
[BlackElo "2061"]
[Annotator "NA"]
[PlyCount "127"]
[EventDate "2019.03.08"]
[EventType "swiss"]
[EventCountry "ENG"]
[SourceTitle "playchess.com"]
[Source "ChessBase"]
[SourceQuality "1"]
[TimeControl "6600+10"]

1. Nf3 Nf6 2. g3 g6 3. b4 Bg7 4. Bb2 d6 5. Bg2 O-O 6. O-O c6 7. c4 Qb6 8. Qb3 Na6 9. a3 Nc5 10. Qc2 Ncd7 $14 11. d4 Qc7 12. Nbd2 Rb8 13. e4 Ne8 14. Rfe1 b6 15. e5 c5 16. exd6 exd6 17. dxc5 bxc5 18. Bxg7 Nxg7 19. b5 Ne5 20. Nxe5 dxe5 21. Qe4 f6 22. Nb3 Bb7 23. Qe3 Bxg2 24. Kxg2 Rbc8 25. a4 Rfd8 26. a5 Nf5 27. Qf3 Rd6 28. a6 Nd4 29. Qc3 Rcd8 30. Na5 Rb6 31. Nb7 Rxb7 32. axb7 Qxb7+ 33. f3 Re8 34. Ra6 f5 35. Rea1 e4 36. Rxa7 exf3+ 37. Kf2 Re2+ 38. Kf1 Qe4 39. Ra8+ Kg7 40. R8a7+ Kh6 41. Qc1+ g5 42. R1a6+ Kh5 43. Rxh7+ Kg4 44. h3+ Kxg3 45. Qxg5+ Qg4 46. hxg4 fxg4 47. Qh4+ Kf4 48. Rf6+ Ke3 49. Qxg4 Rf2+ 50. Kg1 Ne2+ 51. Kh1 Rf1+ 52. Kh2 Rf2+ 53. Kh3 Nd4 54. Re7+ Kd3 55. Qe4+ Kxc4 56. Rd7 Re2 57. Rxd4+ cxd4 58. Qxf3 Re3 59. Qxe3 dxe3 60. b6 e2 61. Re6 Kc5 62. b7 e1=Q 63. Rxe1 Kc6 64. b8=Q 1-0

[Event "43rd Blackpool Chess Conference 2019"]
[Site "Blackpool"]
[Date "2019.03.09"]
[Round "2.11"]
[White "Tarr, Steve F"]
[Black "Isherwood, Paul"]
[Result "1-0"]
[ECO "D00"]
[WhiteElo "1680"]
[BlackElo "1982"]
[Annotator "NA RC"]
[PlyCount "83"]
[EventDate "2019.03.08"]
[EventType "swiss"]
[EventCountry "ENG"]
[SourceTitle "playchess.com"]
[Source "ChessBase"]
[SourceQuality "1"]
[TimeControl "6600+10"]

1. d4 d5 2. Bf4 Nf6 3. Nc3 Bf5 4. f3 e6 5. g4 Bg6 6. h4 h6 7. e3 Bd6 8. Nh3 c6 9. Bd3 Bxd3 10. Qxd3 Bxf4 11. Nxf4 Nbd7 12. O-O-O Nb6 13. g5 Nfd7 14. g6 Qe7 15. gxf7+ Qxf7 16. Ng6 Rg8 17. Rhg1 O-O-O 18. Kb1 Nc4 19. e4 Nf8 20. e5 Nxg6 21. Rxg6 Rdf8 22. Rdg1 Qxf3 23. Rxe6 Qxd3 24. cxd3 Nd2+ 25. Kc1 Nf3 26. Rh1 Nxd4 27. Rg6 Re8 28. Rg4 c5 29. Nxd5 Rxe5 30. Nf6 Rf8 31. Ne4 Ne6 32. Kd2 Rd8 33. Kc3 h5 34. Rg3 Nf4 35. Re1 Red5 36. Ree3 b6 37. Nf2 R8d7 38. Re8+ Kb7 39. Rge3 g5 40. hxg5 Rxg5 41. Rf3 Nd5+ 42. Kc4 1-0

[Event "43rd Blackpool Chess Conference 2019"]
[Site "Blackpool"]
[Date "2019.03.09"]
[Round "2.12"]
[White "Ther, Mate"]
[Black "Boswell, Jacob Connor"]
[Result "1-0"]
[ECO "C48"]
[WhiteElo "1895"]
[BlackElo "2043"]
[Annotator "NA"]
[PlyCount "73"]
[EventDate "2019.03.08"]
[EventType "swiss"]
[EventCountry "ENG"]
[SourceTitle "playchess.com"]
[Source "ChessBase"]
[SourceQuality "1"]
[TimeControl "6600+10"]

1. e4 e5 2. Nf3 Nc6 3. Nc3 Nf6 4. Bb5 Bc5 5. O-O O-O 6. Nxe5 Nxe5 7. d4 Bb4 8. dxe5 Bxc3 9. bxc3 Nxe4 10. Qd4 f5 11. Bc4+ Kh8 12. Ba3 d6 13. f3 c5 14. Qe3 Qg5 15. Qd3 dxe5 16. fxe4 f4 17. Bxc5 Rd8 18. Bd5 Bg4 19. Kh1 b6 20. Bf2 Rd6 21. c4 Rf8 22. c5 Rh6 23. Bg1 f3 24. g3 f2 25. Rxf2 Rxf2 26. Bxf2 Qh5 27. h4 Be2 28. Qe3 Rf6 29. c6 Qg4 30. Kh2 g5 31. c7 Ba6 32. Rg1 Bc8 33. Rg2 h6 34. Qc3 Rg6 35. Qxe5+ Kh7 36. Bd4 Qh3+ 37. Kg1 1-0

[Event "43rd Blackpool Chess Conference 2019"]
[Site "Blackpool"]
[Date "2019.03.09"]
[Round "3.1"]
[White "McPhillips, Joseph"]
[Black "Molano Lafuente, Ismael"]
[Result "1-0"]
[ECO "B07"]
[WhiteElo "2407"]
[BlackElo "1956"]
[Annotator "ChessBase"]
[PlyCount "89"]
[EventDate "2019.03.08"]
[EventType "swiss"]
[EventCountry "ENG"]
[SourceTitle "playchess.com"]
[Source "ChessBase"]
[SourceQuality "1"]
[TimeControl "6600+10"]

1. e4 d6 2. d4 Nf6 3. f3 e5 4. Ne2 Be7 5. Be3 c6 6. Qd2 Nbd7 7. Nbc3 Qa5 8. g4 b5 9. g5 Nh5 10. d5 c5 11. Ng3 Nxg3 12. hxg3 a6 13. f4 Bb7 14. Bh3 f6 15. Bxd7+ Kxd7 16. f5 Rag8 17. g4 Qd8 18. gxf6 gxf6 19. Rh4 Qe8 20. Qh2 Rg7 21. O-O-O Qg8 22. Qh3 Kd8 23. Rh1 Bc8 24. Ne2 Bd7 25. Bh6 Rf7 26. Qa3 Bc8 27. Rg1 Ke8 28. Qe3 Bf8 29. g5 Bxh6 30. Rxh6 Qf8 31. Qh3 fxg5 32. Rxg5 Kd7 33. Rgg6 Kc7 34. Rxd6 Qxd6 35. Rxd6 Kxd6 36. Qh6+ Kc7 37. Qc6+ Kd8 38. Qd6+ Bd7 39. Qb8+ Bc8 40. Qd6+ Bd7 41. Qb8+ Bc8 42. Qxe5 Re8 43. Qd6+ Rd7 44. Qb6+ Ke7 45. Nf4 1-0

[Event "43rd Blackpool Chess Conference 2019"]
[Site "Blackpool"]
[Date "2019.03.09"]
[Round "3.2"]
[White "White, Stuart A"]
[Black "Quillan, Gary"]
[Result "*"]
[ECO "A43"]
[WhiteElo "2108"]
[BlackElo "2353"]
[Annotator "NA"]
[PlyCount "70"]
[EventDate "2019.03.08"]
[EventType "swiss"]
[EventCountry "ENG"]
[SourceTitle "playchess.com"]
[Source "ChessBase"]
[SourceQuality "1"]
[TimeControl "6600+10"]

1. e4 g6 2. d4 Bg7 3. Nc3 c5 4. d5 d6 5. f4 Bxc3+ 6. bxc3 Nf6 7. Bb5+ Bd7 8. Bxd7+ Nbxd7 9. Qf3 Qa5 10. Ne2 Qa4 11. Ng3 Qc4 12. Kf2 h5 13. Re1 g5 14. Qd3 Qxd3 15. cxd3 gxf4 16. Bxf4 Ng4+ 17. Kg1 Nge5 18. Re3 Ng4 19. Re2 Nge5 20. d4 cxd4 21. cxd4 Ng6 22. Bg5 f6 23. Be3 Rc8 24. Rb1 Rc7 25. Reb2 Nb6 26. Nf5 Kd7 27. Ng7 Rhc8 28. Ne6 Rc3 29. Bd2 R3c4 30. h3 Nf8 31. Nxf8+ Rxf8 32. Ba5 Rxd4 33. Bxb6 axb6 34. Rxb6 Rxe4 35. Rxb7+ Ke8 *

[Event "43rd Blackpool Chess Conference 2019"]
[Site "Blackpool"]
[Date "2019.03.09"]
[Round "3.3"]
[White "Hebden, Mark L"]
[Black "Phillips, David A"]
[Result "1-0"]
[ECO "A43"]
[WhiteElo "2417"]
[BlackElo "2040"]
[Annotator "RC"]
[PlyCount "85"]
[EventDate "2019.03.08"]
[EventType "swiss"]
[EventCountry "ENG"]
[SourceTitle "playchess.com"]
[Source "ChessBase"]
[SourceQuality "1"]
[TimeControl "6600+10"]

1. d4 Nf6 2. Nf3 c5 3. d5 d6 4. Nc3 g6 5. e4 Bg7 6. Be2 O-O 7. O-O Bg4 8. a4 Bxf3 9. Bxf3 Na6 10. Re1 Nd7 11. Bg5 Re8 12. Qd2 Nc7 13. Be2 a6 14. a5 b5 15. axb6 Nxb6 16. Ra2 Qd7 17. Rea1 Nb5 18. Nd1 Nd4 19. Rxa6 h6 20. Be3 Rxa6 21. Rxa6 Nxe2+ 22. Qxe2 Rb8 23. b3 Nc8 24. Bd2 Na7 25. Bc3 Nb5 26. Bxg7 Kxg7 27. Ne3 Qb7 28. Ra1 Nd4 29. Qd1 Qb4 30. Qd3 Rb7 31. Kf1 h5 32. Nc4 Qb5 33. Kg1 f6 34. h3 Qd7 35. Kh2 Rb8 36. Qd2 Rb7 37. Ne3 Rb8 38. Ra4 Rb7 39. Rc4 e5 40. Ra4 Ra7 41. Rxa7 Qxa7 42. Nc4 Qa6 43. f4 1-0